 Dungeon Crawl Stone Soup version 0.30-a0-639-g3916f1956a (webtiles) character file.

Game seed: 3443808554323310987

39629 experimilk the Earth Mage (level 13, -3/94 HPs)
             Began as a Grey Draconian Conjurer on Jan 14, 2023.
             Was an Elder of Vehumet.
             Killed from afar by a raiju (12 damage)
             ... with a living lightning
             ... on level 5 of the Lair of Beasts on Jan 15, 2023.
             The game lasted 00:56:46 (24141 turns).

experimilk the Earth Mage (DrCj)                   Turns: 24141, Time: 00:56:47

Health: -3/94      AC: 17    Str: 16    XL:     13   Next: 70%
Magic:  4/27       EV: 11    Int: 23    God:    Vehumet [****..]
Gold:   1840       SH:  4    Dex: 10    Spells: 6/32 levels left

rFire   . . .      SeeInvis .    s - staff of conjuration
rCold   . . .      Faith    .    k - +1 buckler {reflect}
rNeg    . . .      Spirit   .    (body armour unavailable)
rPois   .          Reflect  +    (helmet restricted)
rElec   .          Harm     +    t - scarf {harm}
rCorr   .          Rampage  .    (no gloves)
Will    .....      Rage     3%   (no boots)
Stlth   ++                       (no amulet)
HPRegen 0.35/turn                D - +6 ring of strength
MPRegen 0.20/turn                F - +4 ring of protection

@: no status effects
A: AC +13, amphibious, unfitting armour, cold-blooded, berserk 1
a: Renounce Religion


You were on level 5 of the Lair of Beasts.
You worshipped Vehumet.
Vehumet was greatly pleased with you.
You visited 2 branches of the dungeon, and saw 15 of its levels.
You also visited: Sewer.

You collected 1840 gold pieces.

Inventory:

Hand Weapons
 b - a +1 short sword
 q - a +0 heavy hand axe
Missiles
 E - a throwing net
Armour
 k - a +1 buckler of reflection (worn)
 t - a scarf of harm (worn)
Magical Staves
 s - a staff of conjuration (weapon)
Jewellery
 D - a +6 ring of strength (left hand)
 F - a +4 ring of protection (right hand)
 J - a +6 ring of strength
 K - a +6 ring of strength
Wands
 z - a wand of paralysis (2)
 A - a wand of roots (4)
 C - a wand of quicksilver (14)
 H - a wand of flame (18)
 I - a wand of digging (4)
Scrolls
 a - a scroll of noise {unknown}
 e - 4 scrolls of teleportation
 i - 2 scrolls of amnesia
 j - 3 scrolls of magic mapping
 m - 2 scrolls of fear {unknown}
 o - 6 scrolls of enchant weapon
 r - 2 scrolls of enchant armour
 w - 3 scrolls of fog
 x - 3 scrolls of poison
 y - a scroll of brand weapon {unknown}
 G - 2 scrolls of vulnerability {unknown}
 N - a scroll of butterflies {unknown}
Potions
 c - 4 potions of resistance
 d - 4 potions of brilliance
 f - 3 potions of curing
 g - 2 potions of haste
 h - 2 potions of flight
 l - 11 potions of degeneration
 n - 5 potions of attraction
 p - 2 potions of lignification
 u - 6 potions of might
 v - 2 potions of berserk rage
 B - 2 potions of mutation
 M - a potion of heal wounds


   Skills:
 - Level 3.0 Fighting
 - Level 1.7 Dodging
 - Level 1.7 Stealth
 - Level 10.4 Spellcasting
 - Level 13.6 Conjurations
 - Level 9.8 Translocations
 - Level 3.0 Transmutations
 * Level 15.7 Earth Magic


You had 6 spell levels left.
You knew the following spells:

 Your Spells              Type           Power      Damage    Failure   Level
a - Magic Dart            Conj           100%       1d8       1%          1
b - Lehudib's Crystal Sp  Conj/Erth      43%        10d11     28%         8
g - Gell's Gravitas       Tloc           55%        N/A       1%          3
p - Passage of Golubria   Tloc           55%        N/A       1%          4
v - Momentum Strike       Conj/Tloc      100%       3d10      1%          2
w - Lesser Beckoning      Tloc           100%       N/A       1%          2
x - Iskenderun's Mystic   Conj/Tloc      78%        2d16      1%          4
z - Searing Ray           Conj           100%       2d8       1%          2

Your spell library contained the following spells:

 Spells                   Type           Power      Damage    Failure   Level
 Lightning Bolt           Conj/Air       30%        1d47      3%          5
 Blink                    Tloc           100%       N/A       1%          2
 Dazzling Flash           Conj/Hex       100%       N/A       1%          3
 Teleport Other           Tloc           55%        N/A       1%          3
 Fulminant Prism          Conj/Hex       30%        3d15      1%          4
 Beastly Appendage        Tmut           50%        N/A       2%          1
 Wereblood                Tmut           25%        N/A       3%          2
 Spider Form              Tmut/Pois      18%        N/A       12%         3
 Dispersal                Tloc           27%        N/A       21%         6
 Ozocubu's Armour         Ice            12%        N/A       22%         3
 Silence                  Hex/Air        6%         N/A       90%         5
 Ozocubu's Refrigeration  Ice            6%         4d8       100%        7


Dungeon Overview and Level Annotations

Branches:
Dungeon (10/15)            Temple (0/1) D:4            Lair (5/5) D:8
  Swamp (0/4) Lair:2        Snake (0/4) Lair:2        Slime (0/5) Lair:5
    Orc (0/2) D:10          Sewer (visited)

Altars:
Ashenzari
Cheibriados
Dithmenos
Elyvilon
Fedhas
Gozag
Hepliaklqana
Kikubaaqudgha
Okawaru
Sif Muna
Trog
Uskayaw
Vehumet
Wu Jian
Xom
The Shining One
Jiyva

Annotations:
D:5 1 runed translucent door, crux's ghost, novice OpTm
D:10 1 runed translucent door
Lair:5 Nessos


Innate Abilities, Weirdness & Mutations

Your dull iron-grey scales are very hard. (AC +13)
You are amphibious.
You cannot fit into any form of body armour.
You are cold-blooded and may be slowed by cold attacks.
You sometimes lose your temper in combat.


Message History

The five-headed hydra misses you.
The five-headed hydra bites you but does no damage. x3
The five-headed hydra closely misses you.
You hit the five-headed hydra.
You blast the five-headed hydra!
You tail-slap the five-headed hydra.
The five-headed hydra is severely wounded.
The five-headed hydra bites you but does no damage. x2
The five-headed hydra bites you!
The five-headed hydra bites you but does no damage. x3
The five-headed hydra bites you. The five-headed hydra bites you! x2
The five-headed hydra bites you.
Casting: Searing Ray (safe; 1% risk of failure)
Confirm with . or Enter, or press ? or * to list all spells.
You don't have enough magic to cast this spell.
As you read the scroll of teleportation, it crumbles to dust.
You feel strangely unstable. The five-headed hydra bites you. x3
The five-headed hydra closely misses you.
The five-headed hydra barely misses you.
The five-headed hydra attacks as you move away!
You block the five-headed hydra's attack.
The five-headed hydra bites you but does no damage. x3
The five-headed hydra bites you.
The five-headed hydra bites you but does no damage.
The five-headed hydra bites you!
* * * LOW HITPOINT WARNING * * *
The five-headed hydra bites you.
* * * LOW HITPOINT WARNING * * *
The five-headed hydra barely misses you.
The five-headed hydra closely misses you.
Your surroundings suddenly seem different. 3 polar bears, a fire crab and 8 hounds come into view.
Found a scroll of identify, a war axe and a stone.
The wolf howls!
The warg howls!
The raiju barks!
The polar bear growls angrily.
The wolf howls!
The polar bear growls angrily.
The wolf howls!
You hear a howl!
You hear an angry growl.
The wolf misses you. The warg bites you but does no damage. The wolf bites you.
* * * LOW HITPOINT WARNING * * *
The raiju bursts into living lightning!
The living lightning hits you!
You die...

..... ..h.#
#.#h# #t#.#
##..h####
##..h....#
##.hhh.h...
#..@h..#
##?hh.##
#...##
#..)# #####


You could see a fire crab, 3 polar bears, a raiju, 2 wargs, 2 hell hounds and 3
wolves.

Vanquished Creatures
  4 hydras
  A catoblepas (Lair:1)
  A two-headed ogre (D:8)
  7 death yaks
  A soul eater (D:9)
  Nergalle (Lair:2)
  A sixfirhy (D:9)
  Amaemon (Lair:2)
  Pikel (D:7)
  A cyclops (D:8)
  An oklob plant (D:8)
  Maurice (D:10)
  9 elephants
  3 black mambas
  A smoke demon (D:9)
  An eye of devastation (Lair:5)
  11 cane toads
  A torpor snail (Lair:2)
  An orange demon (Lair:2)
  2 rime drakes
  9 komodo dragons
  3 polar bears
  A hornet (D:7)
  5 blink frogs (Lair:2)
  Sigmund (D:2)
  A shadow (D:10)
  10 wyverns
  36 yaks
  2 neqoxecs (D:9)
  2 steam dragons
  2 basilisks
  Menkaure (D:4)
  2 nagas (Lair:2)
  A chaos spawn (D:9)
  A warg (Lair:5)
  2 acid dragons (D:9)
  A floating eye (Lair:5)
  13 water moccasins
  A hell hound (Lair:5)
  5 orc warriors
  Pargi (Sewer)
  A swamp drake (D:10)
  3 black bears
  2 ogres
  8 wolves
  6 centaurs
  3 kobold brigands
  10 bullfrogs
  8 scorpions
  A gnoll sergeant (D:6)
  5 wights (D:10)
  8 killer bees
  4 howler monkeys
  3 electric eels
  A quasit (D:9)
  2 jellies
  9 orc priests
  A gnoll bouda (D:4)
  2 hounds
  An iguana (D:5)
  Terence (D:2)
  6 orc wizards
  16 gnolls
  8 adders
  A shadow imp (D:5)
  3 white imps
  2 ufetubi (D:6)
  A worm (D:3)
  5 dart slugs
  32 orcs
  3 bats
  6 endoplasms
  5 giant cockroaches
  5 hobgoblins
  6 jackals
  19 kobolds
  3 quokkas
  3 ball pythons
  A frilled lizard (D:2)
  5 goblins
  2 rats
  A bush (Lair:4)
362 creatures vanquished.

Vanquished Creatures (others)
  7 demonic plants (D:9)
  55 fungi
  114 plants
176 creatures vanquished.

Grand Total: 538 creatures vanquished

Notes
Turn   | Place    | Note
-------+----------+-------------------------------------------
     0 | D:1      | experimilk the Draconian Conjurer began the quest for the
                  | Orb.
     0 | D:1      | Reached XP level 1. HP: 14/14 MP: 3/3
   281 | D:1      | Reached XP level 2. HP: 22/22 MP: 1/5
   810 | D:1      | Reached skill level 1 in Fighting
  1144 | D:1      | Reached XP level 3. HP: 28/28 MP: 4/6
  1287 | D:1      | Learned a level 2 spell: Searing Ray
  1378 | D:1      | Found a faded altar of an unknown god.
  2186 | D:2      | Noticed Sigmund
  2199 | D:2      | Killed Sigmund
  2200 | D:2      | Reached skill level 5 in Conjurations
  2200 | D:2      | Reached XP level 4. HP: 26/38 MP: 5/8
  2200 | D:2      | Reached XP level 5. HP: 31/45 MP: 5/9
  2444 | D:2      | Noticed Terence
  2750 | D:2      | Killed Terence
  3094 | D:3      | Reached XP level 6. HP: 51/51 MP: 3/10
  3293 | D:3      | Found a radiant altar of Vehumet.
  3407 | D:3      | Found a shimmering altar of Xom.
  3951 | D:4      | Found a glowing golden altar of the Shining One.
  4158 | D:4      | Noticed Menkaure
  4163 | D:4      | Killed Menkaure
  4164 | D:4      | Your scales start taking on a dull iron-grey colour.
  4164 | D:4      | Reached XP level 7. HP: 57/57 MP: 5/12
  4201 | D:3      | Became a worshipper of Vehumet
  4219 | D:3      | Learned a level 1 spell: Beastly Appendage
  4321 | D:4      | Found a staircase to the Ecumenical Temple.
  4784 | D:5      | Entered Level 5 of the Dungeon
  4795 | D:5      | Reached skill level 1 in Transmutations
  4969 | D:5      | Found a runed translucent door.
  4974 | D:5      | Noticed crux's ghost (novice OpTm)
  5067 | D:5      | Reached XP level 8. HP: 60/63 MP: 1/14
  5156 | D:5      | Found a glowing drain.
  5180 | Sewer    | Entered a sewer
  5463 | Sewer    | Learned a level 2 spell: Momentum Strike
  5551 | Sewer    | Noticed Pargi
  5556 | Sewer    | Killed Pargi
  5557 | Sewer    | Reached skill level 1 in Translocations
  5642 | D:5      | Learned a level 4 spell: Iskenderun's Mystic Blast
  5646 | D:5      | Learned a level 2 spell: Lesser Beckoning
  5740 | D:5      | Found a shimmering blue altar of Sif Muna.
  5861 | D:5      | Found an iron altar of Okawaru.
  6105 | D:6      | Found a broken altar of Ashenzari.
  6120 | D:6      | Reached skill level 5 in Spellcasting
  6989 | D:6      | Reached * piety under Vehumet
  6989 | D:6      | Offered knowledge of Freeze by Vehumet.
  7269 | D:6      | Identified 2 scrolls of acquirement
  7271 | D:6      | Acquired a +1 buckler of reflection
  7278 | D:6      | Acquired 783 gold pieces
  7643 | D:7      | Reached XP level 9. HP: 69/69 MP: 6/16
  7876 | D:7      | Found an opulent altar of Gozag.
  8152 | D:7      | Found a white marble altar of Elyvilon.
  8230 | D:7      | Paralysed by a hornet for 2 turns
  8233 | D:7      | Reached skill level 5 in Translocations
  8434 | D:7      | Found a shadowy altar of Dithmenos.
  8616 | D:7      | Reached skill level 10 in Conjurations
  8728 | D:7      | Found an ornate altar of the Wu Jian Council.
  9769 | D:7      | Reached XP level 10. HP: 55/77 MP: 8/20
 10129 | D:8      | Reached ** piety under Vehumet
 10129 | D:8      | Offered knowledge of Foxfire by Vehumet.
 10233 | D:8      | Noticed Pikel
 10233 | D:8      | Found a staircase to the Lair.
 10241 | D:7      | Killed Pikel
 10530 | D:8      | Noticed a cyclops
 10533 | D:8      | Noticed a two-headed ogre
 10542 | D:8      | Killed a two-headed ogre
 10543 | D:8      | Killed a cyclops
 10949 | D:8      | Found a blossoming altar of Fedhas.
 10963 | D:8      | Noticed an oklob plant
 10986 | D:8      | Killed an oklob plant
 11679 | D:9      | Noticed a +0 dagger
 11679 | D:9      | Noticed a +0 hand axe
 11679 | D:9      | Noticed a sixfirhy
 11679 | D:9      | Found a hide-covered altar of Uskayaw.
 11679 | D:9      | Found a hazy altar of Hepliaklqana.
 11679 | D:9      | Found a snail-covered altar of Cheibriados.
 11681 | D:9      | Noticed a smoke demon
 11683 | D:9      | Killed a sixfirhy
 11684 | D:9      | Reached XP level 11. HP: 79/82 MP: 18/23
 11828 | D:9      | Offered knowledge of Inner Flame by Vehumet.
 11843 | D:9      | Gained mutation: You sometimes lose your temper in combat.
                  | [a neqoxec]
 12082 | D:9      | Noticed a soul eater
 12517 | D:9      | Reached *** piety under Vehumet
 12859 | D:9      | Killed a soul eater
 13491 | D:9      | Learned a level 4 spell: Passage of Golubria
 13523 | D:10     | Entered Level 10 of the Dungeon
 13563 | D:10     | Offered knowledge of Flame Wave by Vehumet.
 13664 | D:10     | Found a staircase to the Orcish Mines.
 13832 | D:10     | Noticed Maurice
 13843 | D:10     | Killed Maurice
 14409 | D:10     | Found an ancient bone altar of Kikubaaqudgha.
 14545 | D:10     | Found a runed translucent door.
 14650 | D:10     | Found a bloodstained altar of Trog.
 14816 | D:10     | Reached **** piety under Vehumet
 15447 | D:10     | Noticed an orc knight
 15514 | Lair:1   | Entered Level 1 of the Lair of Beasts
 16002 | Lair:1   | Reached skill level 10 in Spellcasting
 16256 | Lair:1   | Noticed a death yak
 16256 | Lair:1   | Noticed a death yak
 16256 | Lair:1   | Noticed a death yak
 16257 | Lair:1   | Noticed a death yak
 16258 | Lair:1   | Noticed a death yak
 16300 | Lair:1   | Offered knowledge of Mephitic Cloud by Vehumet.
 16302 | Lair:1   | Noticed a death yak
 16305 | Lair:1   | Killed a death yak
 16306 | Lair:1   | Reached XP level 12. HP: 62/89 MP: 19/26
 16392 | Lair:1   | Killed a death yak
 16399 | Lair:1   | Noticed a catoblepas
 16715 | Lair:1   | Killed a catoblepas
 16828 | Lair:2   | Learned a level 8 spell: Lehudib's Crystal Spear
 16845 | Lair:2   | Reached skill level 2 in Earth Magic
 16851 | Lair:2   | Reached skill level 3 in Earth Magic
 17098 | Lair:2   | Noticed a six-headed hydra
 17106 | Lair:2   | Killed a six-headed hydra
 17107 | Lair:2   | Reached skill level 4 in Earth Magic
 17184 | Lair:2   | Reached skill level 5 in Earth Magic
 17191 | Lair:2   | Reached skill level 6 in Earth Magic
 17284 | Lair:2   | Identified the +10 sling of Jitzera {freeze, rF- Will+
                  | Int+5 SInv}
 17298 | Lair:2   | Noticed Nergalle
 17311 | Lair:2   | Killed Nergalle
 17665 | Lair:2   | Found a staircase to the Snake Pit.
 17672 | Lair:2   | Reached skill level 7 in Earth Magic
 17828 | Lair:2   | Reached skill level 8 in Earth Magic
 17855 | Lair:2   | Learned a level 3 spell: Gell's Gravitas
 18045 | Lair:2   | Noticed Amaemon
 18051 | Lair:2   | Killed Amaemon
 18052 | Lair:2   | Reached skill level 9 in Earth Magic
 18324 | Lair:2   | Found a staircase to the Swamp.
 18568 | Lair:2   | Reached skill level 10 in Earth Magic
 19834 | Lair:3   | Reached skill level 11 in Earth Magic
 19868 | Lair:3   | Noticed a death yak
 19868 | Lair:3   | Noticed a death yak
 19869 | Lair:3   | Noticed a death yak
 19869 | Lair:3   | Noticed a death yak
 19870 | Lair:3   | Noticed a death yak
 19878 | Lair:3   | Killed a death yak
 19878 | Lair:3   | Killed a death yak
 19879 | Lair:3   | Reached XP level 13. HP: 74/94 MP: 6/27
 19879 | Lair:3   | Reached ***** piety under Vehumet
 19882 | Lair:3   | Reached skill level 12 in Earth Magic
 19887 | Lair:3   | Offered knowledge of Lightning Bolt by Vehumet.
 20571 | Lair:3   | Reached skill level 13 in Earth Magic
 21988 | Lair:5   | Entered Level 5 of the Lair of Beasts
 21988 | Lair:5   | Found a viscous altar of Jiyva.
 22237 | Lair:5   | Reached skill level 14 in Earth Magic
 23191 | Lair:5   | Noticed Nessos
 23202 | Lair:5   | Found a staircase to the Slime Pits.
 23481 | Lair:4   | Reached skill level 15 in Earth Magic
 23700 | Lair:4   | Upgraded the game from 0.30-a0-634-g8abc85282e to
                  | 0.30-a0-639-g3916f1956a
 24141 | Lair:5   | Killed from afar by a raiju

Illustrated notes

Levels and vault maps discovered:
D:1:      lemuel_arrival_rhombus, layout_loops_ring,
          hellmonk_ecumenical_altar_inner_sanctum
D:2:      layout_loops_corners, uniq_sigmund, uniq_terence
D:3:      layout_loops_ring, mainiacjoe_overflow_24_doors,
          nicolae_vehumet_radiance, supply_closet_lemuel, st_stairs_12,
          kennysheep_cluttered_room
D:4:      layout_gridville, tso_metal_star, minmay_temple_entry_mini_moons,
          grunt_decor_mini_mirrors, uniq_menkaure
D:5:      layout_cave_pools, marbit_many_paths, general_overflow_altar,
          gup_sewer_entry_glass, ebering_ghost_sewer_d
D:6:      layout_basic, ashenzari_conservatory_becter
D:7:      layout_loops_cross, nicolae_wu_jian_immortal_techniques,
          nicolae_dithmenos_through_a_glass_darkly, nicolae_gozag_seed_capital,
          mainiacjoe_overflow_boulevard, minivault_4
D:8:      layout_loops_cross, tgw_fedhas, minmay_lair_entry_grove, uniq_pikel
D:9:      layout_rooms, dancing_weapons_uskayaw,
          chequers_temple_overflow_statue_of_worship, serial_demonic,
          serial_demonic_c, serial_demonic_f, serial_demonic_a,
          serial_demonic_e, nrook_pool_corridor
D:10:     layout_layer_cave, trog_ov_bears_minmay, lemuel_tele_altar,
          erik_orc_1, enter_bailey_6, lightli_church_of_beogh, uniq_maurice
Lair:1:   layout_regular_city, beast_lair_carwin_9, serial_bayou_shore_b,
          grunt_megastairs_5
Lair:2:   layout_loops_ring, swamp_mist, guppyfry_snake_entry_island,
          uniq_nergalle, uniq_amaemon
Lair:3:   layout_hall_layers, serial_rivers, chequers_serial_rivers_micro_e,
          chequers_serial_rivers_micro_e, chequers_serial_rivers_micro_d,
          chequers_serial_rivers_small_a, chequers_serial_rivers_large_b,
          chequers_serial_rivers_large_a, small_statue_intersection
Lair:4:   layout_loops_ring
Lair:5:   hangedman_lair_caniforms_friends, layout_layer_cave, wormcave,
          minmay_slime_entry_eyes, serial_bayou_shore_a, uniq_nessos

Skill      XL: |  1  2  3  4  5  6  7  8  9 10 11 12 13 |
---------------+----------------------------------------+-----
Fighting       | 1 3 |  3.0
Spellcasting   | 3 4 5 7 8 10 | 10.4
Conjurations   | 5 6 7 9 11 12 13 | 13.6
Transmutations | 3 |  3.0
Translocations | 4 5 7 9 |  9.8
Earth Magic    | 11 15 | 15.7
Dodging        | |  1.7
Stealth        | |  1.7

Action                   |  1- 3 |  4- 6 |  7- 9 | 10-12 | 13-15 || total
-------------------------+-------+-------+-------+-------+-------++-------
Melee: Short sword       |    46 |     8 |    31 |       |       ||    85
       Tailslap          |     5 |     1 |     6 |     6 |    18 ||    36
       Headbutt          |       |       |     4 |       |       ||     4
       Kick              |       |       |     2 |       |       ||     2
       Hand axe          |       |       |    13 |    29 |       ||    42
       Staff             |       |       |       |       |    59 ||    59
 Cast: Magic Dart        |    63 |    28 |    51 |    86 |    19 ||   247
       Searing Ray       |     6 |    16 |    49 |   123 |    52 ||   246
       Beastly Appendage |       |       |     4 |       |       ||     4
       Momentum Strike   |       |       |     8 |    16 |       ||    24
       Iskenderun's Myst |       |       |    12 |    68 |    44 ||   124
       Passage of Golubr |       |       |       |    10 |     3 ||    13
       Lesser Beckoning  |       |       |       |     1 |       ||     1
       Gell's Gravitas   |       |       |       |    13 |    21 ||    34
Evoke: Wand              |       |       |     1 |    12 |       ||    13
  Use: Potion            |     1 |       |     3 |     6 |     3 ||    13
       Scroll            |       |     1 |    16 |     5 |     7 ||    29
Armor: Skin              |    21 |     4 |    59 |    86 |    58 ||   228
Dodge: Dodged            |    38 |     5 |    69 |   108 |    65 ||   285
Block: Buckler           |       |       |    11 |    31 |    14 ||    56
       Reflection        |       |       |       |     3 |       ||     3

Table legend: (Time is in decaauts)
 A = Elapsed time spent in this place.
 B = Non-inter-level travel time spent in this place.
 C = Inter-level travel time spent in this place.
 D = Time resting spent in this place.
 E = Time spent auto-exploring this place.
 F = Levels seen in this place.
 G = Mean time per level.
                   A        B        C        D        E       F      G
               +--------+--------+--------+--------+--------+-----+--------+
         Total |  24205 |  23286 |    919 |   9233 |  10770 |  16 | 1512.8 |
       Dungeon |  15374 |  14549 |    825 |   4562 |   8353 |  10 | 1537.4 |
          Lair |   8376 |   8283 |     93 |   4392 |   2278 |   5 | 1675.2 |
         Sewer |    453 |    453 |      0 |    279 |    139 |   1 |  453.0 |
               +--------+--------+--------+--------+--------+-----+--------+

Top non-repeatable levels by time:
     D:7: 2678 daAuts
     D:8: 2498 daAuts
  Lair:2: 2139 daAuts
  Lair:4: 2056 daAuts
  Lair:3: 1961 daAuts
     D:1: 1884 daAuts
    D:10: 1735 daAuts
     D:9: 1365 daAuts
     D:6: 1233 daAuts
  Lair:5: 1179 daAuts
     D:2: 1177 daAuts
     D:3: 1057 daAuts
  Lair:1: 1039 daAuts
     D:5: 948 daAuts
     D:4: 796 daAuts
